 Dungeon Crawl Stone Soup version 0.30-a0-737-gf23d94013f (webtiles) character file.

Game seed: 6529963121623525732

58 cowhearter the Trooper (level 3, 0/29 HPs)
             Began as a Demonspawn Monk on Feb 2, 2023.
             Succumbed to an adder's poison
             ... on level 2 of the Dungeon.
             The game lasted 00:04:34 (1043 turns).

cowhearter the Trooper (Demonspawn Monk)            Turns: 1043, Time: 00:04:34

Health: 0/29       AC:  2    Str: 11    XL:     3   Next: 76%
Magic:  3/3        EV: 13    Int: 13    God:
Gold:   107        SH:  0    Dex: 15    Spells: 2/2 levels left

rFire   + . .      SeeInvis .    h - staff of fire
rCold   . . .      Faith    .    (no shield)
rNeg    . . .      Spirit   .    a - +0 robe
rPois   .          Reflect  .    (no helmet)
rElec   .          Harm     .    (no cloak)
rCorr   .          Rampage  .    (no gloves)
Will    .....                    (no boots)
Stlth   ++                       (no amulet)
HPRegen 0.24/turn                (no ring)
MPRegen 0.08/turn                (no ring)

@: lethally poisoned (0 -> -6), slowed, very slow
A: demonic magic 1, demonic touch 1
a: no special abilities


You were on level 2 of the Dungeon.
You visited 1 branch of the dungeon, and saw 2 of its levels.

You collected 107 gold pieces.

Inventory:

Missiles
 f - 4 poisoned darts (quivered)
Armour
 a - a +0 robe (worn)
Magical Staves
 h - a staff of fire (weapon)
Scrolls
 d - 5 scrolls of identify {unknown}
 e - a scroll of enchant weapon {unknown}
 i - a scroll of immolation {unknown}
 j - a scroll of amnesia {unknown}
 k - a scroll of fear {unknown}
 m - a scroll of teleportation {unknown}
Potions
 b - a potion of ambrosia
 c - a potion of cancellation {unknown}
 g - 2 potions of haste {unknown}
 l - a potion of curing {unknown}


   Skills:
 + Level 3.4 Fighting
 + Level 1.0 Staves
 + Level 3.2 Dodging
 + Level 2.0 Stealth
 + Level 3.0 Unarmed Combat
 * Level 0.3 Spellcasting
 - Level 0.3 Evocations


You had 2 spell levels left.
You didn't know any spells.
Your spell library contained the following spells:

 Spells                   Type           Power      Damage    Failure   Level
 Ensorcelled Hibernation  Hex/Ice        0%         N/A       41%         2
 Passwall                 Tmut/Erth      0%         N/A       41%         2
 Swiftness                Air            0%         N/A       65%         3


Dungeon Overview and Level Annotations

Branches:
Dungeon (2/15)

Altars:


Innate Abilities, Weirdness & Mutations

Spells you cast may paralyse adjacent enemies.
Your touch may inflict minor irresistible damage on your foes.


Message History

You closely miss Natasha. The crimson imp misses you. The adder bites you.
You are poisoned.
The adder poisons you! Natasha claws you. The crimson imp closely misses you.
The adder barely misses you.
Natasha stares at you and mumbles some strange words.
The magic dart hits you.
You hit Natasha.
You touch Natasha!
Natasha is severely wounded.
You feel very sick. The adder bites you. The crimson imp barely misses you.
Natasha claws you but does no damage. The adder bites you but does no damage.
The crimson imp hits you but does no damage.
You hit Natasha.
Natasha is almost dead.
You feel sick. The adder barely misses you. Natasha closely misses you.
The crimson imp blinks!
The adder bites you.
Natasha mewls in sadness.
Natasha casts a spell.
You barely miss Natasha.
You touch Natasha.
You kill Natasha!
Natasha growls in agony!
The crimson imp disappears in a puff of smoke!
The iron imp disappears in a puff of smoke!
You feel sick. The adder closely misses you. The adder barely misses you.
The adder closely misses you.
Your Staves skill increases to level 1!
Your Stealth skill increases to level 2!
Your Unarmed Combat skill increases to level 3!
You feel sick.
You are no longer poisoned.
The adder misses you. The adder barely misses you.
You miss the adder.
You touch the adder!
The adder is almost dead.
The adder barely misses you. The adder bites you.
* * * LOW HITPOINT WARNING * * *
You are lethally poisoned!
The adder poisons you!
You hit the adder.
You kill the adder!
You die...

#.........#........
#.........##.........
#.........##.......$.
######..####.......?.
#..# #.........
#..####.........
.######.....#.........
..........#.#.........
#######.#.#.#.@.......
########.#.#.#.........
#......................
#.######.#.#.#.........
#....#.#.##########
#.#..#.#.# #.#....#.#
#.##.###.# #.##.....#


There were no monsters in sight!

Vanquished Creatures
  Natasha (D:2)
  An adder (D:2)
  2 dart slugs (D:1)
  An endoplasm (D:1)
  A giant cockroach (D:1)
  5 goblins (D:1)
  3 hobgoblins (D:1)
  A quokka (D:1)
  2 ball pythons (D:1)
  5 bats (D:1)
  2 frilled lizards (D:1)
  4 kobolds
  4 rats
32 creatures vanquished.

Notes
Turn   | Place    | Note
-------+----------+-------------------------------------------
     0 | D:1      | cowhearter the Demonspawn Monk began the quest for the Orb.
     0 | D:1      | Reached XP level 1. HP: 18/18 MP: 1/1
   218 | D:1      | Gained mutation: Spells you cast may paralyse adjacent
                  | enemies. [demonic ancestry]
   218 | D:1      | Reached XP level 2. HP: 19/24 MP: 2/2
   540 | D:1      | Gained mutation: Your touch may inflict minor irresistible
                  | damage on your foes. [demonic ancestry]
   540 | D:1      | Reached XP level 3. HP: 29/29 MP: 3/3
  1032 | D:2      | Noticed Natasha
  1040 | D:2      | Killed Natasha
  1041 | D:2      | Reached skill level 1 in Staves
  1043 | D:2      | Succumbed to an adder's poison

Illustrated notes

Levels and vault maps discovered:
D:1:      onia_arrival_pentagram, layout_loops_ring
D:2:      layout_basic, uniq_natasha

Skill      XL: |  1  2  3 |
---------------+----------+-----
Dodging        | 3 |  3.2
Staves         | 1 |  1.0
Stealth        | 2 |  2.0
Unarmed Combat | 3 |  3.0
Fighting       | |  3.4
Spellcasting   | |  0.3
Evocations     | |  0.3

Action                     || total
---------------------------++-------
  Melee: Unarmed           ||    38
         Staff             ||    61
         Punch             ||     3
         Touch             ||     5
   Stab: Sleeping          ||     2
         Distracted        ||     1
 Armour: Robe              ||    20
  Dodge: Dodged            ||    96

Table legend: (Time is in decaauts)
 A = Elapsed time spent in this place.
 B = Non-inter-level travel time spent in this place.
 C = Inter-level travel time spent in this place.
 D = Time resting spent in this place.
 E = Time spent auto-exploring this place.
 F = Levels seen in this place.
 G = Mean time per level.
                   A        B        C        D        E       F      G
               +--------+--------+--------+--------+--------+-----+--------+
         Total |   1055 |   1033 |     22 |     12 |    731 |   2 |  527.5 |
       Dungeon |   1055 |   1033 |     22 |     12 |    731 |   2 |  527.5 |
               +--------+--------+--------+--------+--------+-----+--------+

Top non-repeatable levels by time:
     D:1: 912 daAuts
     D:2: 142 daAuts
